 Dungeon Crawl Stone Soup version 0.30.1-11-g7821555f0a (webtiles) character file.

Game seed: 13705862116878721342

835560 McKennaii the Petrodigitator (level 27, -23/223 HPs)
             Began as a Demigod Conjurer on Nov 12, 2023.
             Blown up by Roxirog the pandemonium lord (63 damage)
             ... with an orb of destruction
             ... on level 20 of a ziggurat on Nov 30, 2023.
             The game lasted 03:45:30 (107707 turns).

McKennaii the Petrodigitator (Demigod Conjurer)   Turns: 107707, Time: 03:45:31

Health: -23/223    AC: 47    Str: 32    XL:     27
Magic:  6/70       EV: 10    Int: 63    God:
Gold:   6292       SH: 13    Dex:  8    Spells: 37/80 levels left

rFire   + + .        i - staff of conjuration "Acwia" {Fly rC- Will+ Int+8}
rCold   + . .        P - +1 kite shield {reflect}
rNeg    + . .        v - +8 gold dragon scales
rPois   +            u - +3 crown of Dyrovepreva {rElec Int+2 SInv}
rElec   +            C - +0 cloak "Bocru" {rC+ rCorr Int+5}
rCorr   +            c - +4 pair of gloves of Demons {Harm rElec rC+ Stlth-}
SInv    +            Y - +2 pair of boots "Fust" {rPois rF+ Will- Int+4}
Will    ++...        M - amulet of Vitality {RegenMP++ Regen++} Stlth
                     q - ring of the Greedy {rF+ rN+ rCorr Str+3 Stlth-}
HPRegen 2.17/turn    E - ring "Wipsinin" {Fly MP+9 Str+5}
MPRegen 1.22/turn

%: harm (+30% outgoing, +20% incoming), reflection, clarity
@: about to teleport, flying, studying 3 skills
A: high MP 1, forlorn, divine attributes, clarity, clever 2, clumsy 1, frail 1,
weak 1, no potion heal 1, cold vulnerability 1, heat vulnerability 1, noise
suppression
}: 5/15 runes: decaying, serpentine, slimy, silver, golden
a: no special abilities


You were on level 20 of a ziggurat.
You visited 12 branches of the dungeon, and saw 58 of its levels.
You visited the Abyss 1 time.
You visited 1 ziggurat, and saw 20 of its levels.
You also visited: Sewer, Gauntlet, Ice Cave, Volcano and Wizlab.

You collected 11866 gold pieces.
You spent 5574 gold pieces at shops.

Inventory:

Hand Weapons
 m - the +8 arc blade {discharge, rElec}
   (You found it on level 5 of the Pits of Slime)

   rElec:     It insulates you from electricity.
 Q - the +6 Majin-Bo {spellvamp, MP+6 Int+6}
   (You found it on level 3 of the Crypt)

   Int:       It affects your intelligence (+6).
   MP:        It affects your magic capacity (+6).
Armour
 c - the +4 pair of gloves of Demons (worn) {Harm rElec rC+ Stlth-}
   (You found it on level 3 of the Elven Halls)

   rC:        It protects you from cold.
   rElec:     It insulates you from electricity.
   Harm:      It increases damage dealt and taken.
   Stlth:     It makes you less stealthy.
 u - the +3 crown of Dyrovepreva (worn) {rElec Int+2 SInv}
   (You found it in a sewer)

   Int:       It affects your intelligence (+2).
   rElec:     It insulates you from electricity.
   SInv:      It lets you see invisible.
 v - +8 gold dragon scales (worn)
 C - the +0 cloak "Bocru" (worn) {rC+ rCorr Int+5}
   (You found it on level 4 of the Realm of Zot)

   Int:       It affects your intelligence (+5).
   rC:        It protects you from cold.
   rCorr:     It protects you from acid and corrosion.
 I - a +0 tower shield of cold resistance
 P - a +1 kite shield of reflection (worn)
 Y - the +2 pair of boots "Fust" (worn) {rPois rF+ Will- Int+4}
   (You found it on level 3 of the Tomb of the Ancients)

   Int:       It affects your intelligence (+4).
   rF:        It protects you from fire.
   rPois:     It protects you from poison.
   Will:      It decreases your willpower.
Magical Staves
 i - the staff of conjuration "Acwia" (weapon) {Fly rC- Will+ Int+8}
   (You found it on level 4 of the Vaults)

   [staff of conjuration]

   Base accuracy: +5 Base damage: 5 Base attack delay: 1.2 This weapon's minimum
   attack delay (0.6) is reached at skill level 12.
   Int:       It affects your intelligence (+8).
   rC:        It makes you vulnerable to cold.
   Fly:       It grants you flight.
   Will:      It increases your willpower.
   It falls into the 'Staves' category.
   It is a one-handed weapon.
 y - the staff of fire "Daj Lots" {rF+ rN+ Str+2}
   (You found it on level 11 of a ziggurat)

   [staff of fire]

   Base accuracy: +5 Base damage: 5 Base attack delay: 1.2 This weapon's minimum
   attack delay (0.6) is reached at skill level 12.
   Str:       It affects your strength (+2).
   rF:        It protects you from fire.
   rN:        It protects you from negative energy.
   It falls into the 'Staves' category.
   It is a one-handed weapon.
 D - the staff of air "Nuifoe Gaoli" {rElec Str+2 Int+3}
   (You found it on level 5 of the Vaults)

   [staff of air]

   Base accuracy: +5 Base damage: 5 Base attack delay: 1.2 This weapon's minimum
   attack delay (0.6) is reached at skill level 12.
   Str:       It affects your strength (+2).
   Int:       It affects your intelligence (+3).
   rElec:     It insulates you from electricity.
   It falls into the 'Staves' category.
   It is a one-handed weapon.
 G - the staff of cold "Wabye" {rC+ Will+}
   (You found it on level 13 of a ziggurat)

   [staff of cold]

   Base accuracy: +5 Base damage: 5 Base attack delay: 1.2 This weapon's minimum
   attack delay (0.6) is reached at skill level 12.
   rC:        It protects you from cold.
   Will:      It increases your willpower.
   It falls into the 'Staves' category.
   It is a one-handed weapon.
Jewellery
 d - the ring "Bucem" {Fire rN+ Int+3}
   (You took it off a deep elf high priest on level 3 of the Elven Halls)

   [ring of fire]

   It enhances your fire magic.
   Int:       It affects your intelligence (+3).
   rF:        It protects you from fire.
   rC:        It makes you vulnerable to cold.
   rN:        It protects you from negative energy.
 n - the ring of Ugaizur {rF+ AC+4 Str+2}
   (You found it on level 5 of the Pits of Slime)

   [ring of protection]

   AC:        It affects your AC (+4).
   Str:       It affects your strength (+2).
   rF:        It protects you from fire.
 o - the ring of Radoc {rPois Int+6 Dex+3}
   (You found it on level 3 of a ziggurat)

   [ring of intelligence]

   Int:       It affects your intelligence (+6).
   Dex:       It affects your dexterity (+3).
   rPois:     It protects you from poison.
 q - the ring of the Greedy (left hand) {rF+ rN+ rCorr Str+3 Stlth-}
   (You bought it in a shop on level 4 of the Snake Pit)

   [ring of positive energy]

   Str:       It affects your strength (+3).
   rF:        It protects you from fire.
   rN:        It protects you from negative energy.
   rCorr:     It protects you from acid and corrosion.
   Stlth:     It makes you less stealthy.
 x - the ring of Woypruc {Wiz Drain Dex+6 SInv}
   (You found it on level 5 of a ziggurat)

   [ring of wizardry]

   It improves your spell success rate.
   Dex:       It affects your dexterity (+6).
   SInv:      It lets you see invisible.
   Drain:     It drains your maximum health when unequipped.
 E - the ring "Wipsinin" (right hand) {Fly MP+9 Str+5}
   (You found it on level 3 of the Vaults)

   [ring of magical power]

   Str:       It affects your strength (+5).
   MP:        It affects your magic capacity (+9).
   Fly:       It grants you flight.
 J - the ring "Dowkothrua" {rC+ rN+}
   (You found it on level 3 of the Crypt)

   [ring of positive energy]

   rC:        It protects you from cold.
   rN:        It protects you from negative energy.
 M - the amulet of Vitality (around neck) {RegenMP++ Regen++}
   (You found it on level 12 of a ziggurat)

   [amulet of magic regeneration]

   It increases your rate of magic regeneration.
   Regen:     It increases your rate of health regeneration.
 T - the ring of Jidollic {*Slow rF+ MP+9 EV+5 Str+3}
   (You found it on level 17 of a ziggurat)

   [ring of evasion]

   EV:        It affects your evasion (+5).
   Str:       It affects your strength (+3).
   rF:        It protects you from fire.
   MP:        It affects your magic capacity (+9).
   *Slow:     It may slow you when you take damage.
Wands
 A - a wand of quicksilver (39)
 L - a wand of polymorph (58)
 N - a wand of mindburst (61)
 R - a wand of iceblast (57)
 U - a wand of charming (144)
 X - a wand of digging (30)
Scrolls
 a - 11 scrolls of poison
 f - 35 scrolls of teleportation
 g - 6 scrolls of summoning
 j - 5 scrolls of silence
 w - 3 scrolls of acquirement
 B - 13 scrolls of fear
 F - 6 scrolls of magic mapping
 H - 5 scrolls of blinking
 S - 17 scrolls of fog
 W - 6 scrolls of amnesia
 Z - 9 scrolls of immolation
Potions
 b - 8 potions of magic
 e - 9 potions of flight
 h - 9 potions of brilliance
 k - 13 potions of curing
 l - 16 potions of might
 p - 7 potions of heal wounds
 r - 11 potions of haste
 s - 11 potions of resistance
 t - 3 potions of invisibility
 z - 7 potions of cancellation
 K - 5 potions of berserk rage
 O - 30 potions of mutation
 V - 9 potions of ambrosia


   Skills:
 + Level 20.6 Fighting
 + Level 22.2 Armour
 - Level 11.0 Dodging
 - Level 1.7 Stealth
 - Level 16.0 Shields
 O Level 27 Spellcasting
 - Level 13.3 Conjurations
 O Level 27 Earth Magic


You had 37 spell levels left.
You knew the following spells:

 Your Spells              Type           Power      Damage    Failure   Level
a - Magic Dart            Conj           100%       1d8       0%          1
b - Searing Ray           Conj           100%       2d8       0%          2
c - Iskenderun's Mystic   Conj/Tloc      100%       2d19      1%          4
d - Iron Shot             Conj/Erth      87%        9d16      1%          6
e - Lee's Rapid Deconstr  Erth           81%        3d36*     0%          5
f - Freezing Cloud        Conj/Ice/Air   59%        6-21      2%          5
g - Shatter               Erth           81%        3d59*     1%          9
h - Petrify               Tmut/Erth      100%       N/A       1%          4
w - Orb of Destruction    Conj           77%        9d17      2%          7

Your spell library contained the following spells:

 Spells                   Type           Power      Damage    Failure   Level
 Sandblast                Erth           100%       2d20      0%          1
 Passwall                 Tmut/Erth      100%       N/A       0%          2
 Stone Arrow              Conj/Erth      100%       3d13      0%          3
 Apportation              Tloc           100%       N/A       1%          1
 Beastly Appendage        Tmut           100%       N/A       1%          1
 Foxfire                  Conj/Fire      100%       2x1d9     1%          1
 Freeze                   Ice            100%       1d10      1%          1
 Kiss of Death            Conj/Necr      100%       2d13      1%          1
 Necrotise                Necr           100%       1d9       1%          1
 Shock                    Conj/Air       100%       1d9       1%          1
 Sting                    Tmut/Pois      100%       1d8       1%          1
 Summon Small Mammal      Summ           100%       N/A       1%          1
 Call Imp                 Summ           100%       N/A       1%          2
 Cigotuvi's Dreadful Rot  Necr/Pois/Air  100%       N/A       1%          2
 Ensorcelled Hibernation  Hex/Ice        100%       N/A       1%          2
 Lesser Beckoning         Tloc           100%       N/A       1%          2
 Momentum Strike          Conj/Tloc      100%       3d10      1%          2
 Poisonous Vapours        Pois/Air       100%       N/A       1%          2
 Scorch                   Fire           100%       2d9       1%          2
 Static Discharge         Conj/Air       100%       2-7/arc   1%          2
 Sublimation of Blood     Necr           71%        N/A       1%          2
 Call Canine Familiar     Summ           71%        N/A       1%          3
 Confusing Touch          Hex            71%        N/A       1%          3
 Dazzling Flash           Conj/Hex       100%       N/A       1%          3
 Frozen Ramparts          Ice            100%       1d16      1%          3
 Gell's Gravitas          Tloc           71%        N/A       1%          3
 Hailstorm                Conj/Ice       100%       3d20      1%          3
 Ignite Poison            Fire/Tmut/Pois 71%        N/A       1%          3
 Inner Flame              Hex/Fire       71%        N/A       1%          3
 Mephitic Cloud           Conj/Pois/Air  100%       N/A       1%          3
 Ozocubu's Armour         Ice            71%        N/A       1%          3
 Portal Projectile        Hex/Tloc       100%       N/A       1%          3
 Spider Form              Tmut/Pois      71%        N/A       1%          3
 Summon Guardian Golem    Hex/Summ       71%        N/A       1%          3
 Swiftness                Air            71%        N/A       1%          3
 Teleport Other           Tloc           71%        N/A       1%          3
 Tukima's Dance           Hex            71%        N/A       1%          3
 Vampiric Draining        Necr           71%        2d11      1%          3
 Vhi's Electric Charge    Tloc/Air       100%       N/A       1%          3
 Volatile Blastmotes      Fire/Tloc      100%       2d18      1%          3
 Animate Armour           Summ/Erth      100%       N/A       1%          4
 Flame Wave               Conj/Fire      100%       2d21      1%          4
 Fulminant Prism          Conj/Hex       65%        3d27      1%          4
 Leda's Liquefaction      Hex/Erth       65%        N/A       1%          4
 Sticky Flame             Conj/Fire      100%       2d11      1%          4
 Arcjolt                  Conj/Air       65%        1d75      1%          5
 Borgnjor's Vile Clutch   Necr/Erth      65%        N/A       1%          5
 Fireball                 Conj/Fire      65%        3d25      1%          5
 Irradiate                Conj/Tmut      65%        3d33      1%          5
 Iskenderun's Battlesphe  Conj           100%       2d15      1%          5
 Statue Form              Tmut/Erth      86%        N/A       1%          6
 Lehudib's Crystal Spear  Conj/Erth      87%        10d19     1%          8
 Airstrike                Air            35%        2d(6-22)  6%          4
 Anguish                  Hex/Necr       35%        N/A       6%          4
 Animate Dead             Necr           71%        N/A       6%          4
 Cause Fear               Hex            35%        N/A       6%          4
 Ice Form                 Ice/Tmut       71%        N/A       6%          4
 Olgreb's Toxic Radiance  Pois           71%        N/A       6%          4
 Passage of Golubria      Tloc           71%        N/A       6%          4
 Summon Ice Beast         Ice/Summ       71%        N/A       6%          4
 Summon Lightning Spire   Summ/Air       71%        N/A       6%          4
 Conjure Ball Lightning   Conj/Air       65%        3x3d23    6%          6
 Starburst                Conj/Fire      65%        6d17      6%          6
 Agony                    Necr           71%        N/A       17%         5
 Alistair's Intoxication  Tmut/Pois      47%        N/A       17%         5
 Blade Hands              Tmut           35%        N/A       17%         5
 Metabolic Englaciation   Hex/Ice        35%        N/A       17%         5
 Summon Forest            Summ/Tloc      35%        N/A       17%         5
 Summon Mana Viper        Hex/Summ       71%        N/A       17%         5
 Yara's Violent Unravell  Hex/Tmut       35%        3d14      17%         5
 Spellforged Servitor     Conj/Summ      65%        N/A       32%         7
 Death Channel            Necr           35%        N/A       67%         6
 Eringya's Noxious Bog    Tmut/Pois      35%        N/A       67%         6
 Plasma Beam              Fire/Air       35%        2x1d53    67%         6
 Simulacrum               Ice/Necr       35%        N/A       67%         6
 Summon Cactus Giant      Summ           35%        N/A       67%         6
 Dragon Form              Tmut           35%        N/A       99%         7
 Enfeeble                 Hex            35%        N/A       99%         7
 Haunt                    Necr/Summ      35%        N/A       99%         7
 Malign Gateway           Summ/Tloc      35%        N/A       99%         7
 Monstrous Menagerie      Summ           35%        N/A       99%         7
 Ozocubu's Refrigeration  Ice            35%        4d15      99%         7
 Storm Form               Tmut/Air       35%        N/A       99%         7
 Summon Hydra             Summ           35%        N/A       99%         7
 Borgnjor's Revivificati  Necr           35%        N/A       100%        8
 Discord                  Hex            35%        N/A       100%        8
 Ignition                 Fire           35%        3d11      100%        8
 Infestation              Necr           35%        N/A       100%        8
 Maxwell's Capacitive Co  Air            35%        ∞         100%        8
 Necromutation            Tmut/Necr      35%        N/A       100%        8
 Summon Horrible Things   Summ           35%        N/A       100%        8
 Chain Lightning          Conj/Air       65%        3d86      100%        9
 Death's Door             Necr           35%        N/A       100%        9
 Dragon's Call            Summ           35%        N/A       100%        9
 Fire Storm               Conj/Fire      65%        8d16      100%        9
 Polar Vortex             Ice            35%        N/A       100%        9


Dungeon Overview and Level Annotations

Branches:
Dungeon (15/15)            Temple (0/1) D:4            Lair (5/5) D:8
  Swamp (4/4) Lair:2        Snake (4/4) Lair:3        Slime (5/5) Lair:5
    Orc (2/2) D:10            Elf (3/3) Orc:2        Vaults (5/5) D:14
  Crypt (3/3) Vaults:3       Tomb (3/3) Crypt:3      Depths (4/4) D:15
    Zot (5/5) Depths:4      Sewer (visited)           IceCv (visited)
Volcano (visited)          WizLab (visited)         Gauntlet (visited)

Shops:
D:11 (   Orc:1 !   Orc:2 =[(:   Elf:1 ?[:*   Elf:3 ?   Snake:2 [[[(   Snake:4 =
Vaults:3 ?   Vaults:4 ?   Depths:3 ?   Depths:4 [

Portals:
Hell: Lair:5 Depths:1 Depths:2 Depths:3 Depths:4
Abyss: Depths:1 Depths:3
Pandemonium: Depths:2
Ziggurat: Depths:1


Innate Abilities, Weirdness & Mutations

You have an increased reservoir of magic. (+10% MP)
You shall have no god before yourself.
Your divine heritage dramatically boosts your attributes as you level up.
You possess an exceptional clarity of mind.
Your mind is very acute. (Int +8, Str/Dex -2)
You are clumsy. (Dex -2)
You are frail. (-10% HP)
You are weak. (Str -2)
Potions are less effective at restoring your health.
You are vulnerable to cold. (rC-)
You are vulnerable to heat. (rF-)
You passively dampen the noise of your surroundings.


Message History

Roxirog launches a ball of destructive magic.
Your Killer Klown barely misses the apocalypse crab.
Something hits your Killer Klown!!
Your Killer Klown dies!
Your Killer Klown's corpse dissolves into shadows!
The phantasmal warrior gestures at you.
The phantasmal warrior blinks!
Oxaynn blinks!
An orb of destruction comes into view.
You see here a staff of death.
Unknown command.
Your system partially rejects the healing.
You feel much better.
Roxirog gestures. x2; The phantasmal warrior gestures at you.
The phantasmal warrior blinks!
Kableaso gestures.
Send 'em back where they came from!
Your cyan very ugly thing dissolves into shadows!
Your cyan ugly thing dissolves into shadows!
Unknown command.
Casting: Iskenderun's Mystic Blast (safe; 1% risk of failure)
Confirm with . or Enter, or press ? or * to list all spells.
The dungeon rumbles!
You destroy the phantasmal warrior!
The phantasmal warrior disappears in a puff of smoke!
You kill the apocalypse crab!
The wraith is almost destroyed.
Roxirog is almost dead.
You kill the frost giant!
Kableaso is moderately wounded.
The Brimstone Fiend is lightly wounded.
The reaper is heavily wounded.
Unknown command.
Unknown command.
Unknown command.
As you read the scroll of teleportation, it crumbles to dust.
You feel strangely unstable. Roxirog gestures at you.
The lance of force hits you but does no damage.
Femoshau headbutts you but does no damage.
The orb of destruction hits you!!!
You die...

▓▓..§......
▓▓....WW....
▓▓......&t...
▓▓.....WC....W
▓▓:............
▓▓?)..W.........
▓▓:$)............
▓▓∩§!W.&...11WWD..
▓@&::$.1.....2&T†.
▓▓○○!).....w2uW○.W
▓▓&○°......u&○...
▓▓|?○1....u*....
▓▓.....p...u...
▓▓.2......u...
▓▓....u......
▓▓..........
▓▓.........


You could see Femoshau, Kableaso, Roxirog (fast), 2 Brimstone Fiends, a reaper
(summoned) and 2 wraiths.

Vanquished Creatures
  the Royal Jelly (Slime:5)
  5 dread liches
  8 ancient liches
  Mennas (Crypt:3)
  Khufu (Crypt:2)
  7 orbs of fire
  32 royal mummies
  Josephina (Zot:1)
  Parghit (Zot:1)
  5 Killer Klowns
  4 pandemonium lords (Zig:20)
  A shard shrike (Zig:14)
  A caustic shrike (Zig:5)
  15 golden dragons
  Nikola (Swamp:3)
  The ghost of krest322 the Executioner, an adept HOFi of Beogh (Elf:3)
  Jory (Depths:3)
  2 bone dragons (Crypt:3)
  A hellephant (Zig:7)
  2 electric golems (Zot:5)
  The ghost of abarbat the Executioner, an adept MiBe of Trog (Vaults:2)
  Rupert (D:13)
  Zenata (Vaults:2)
  A walking crystal tome (Depths:3)
  A Hell Sentinel (Zig:5)
  25 Orb Guardians (Zot:5)
  4 shard shrike skeletons
  24 tentacled monstrosities
  A walking frostbound tome (Depths:3)
  4 Ice Fiends
  15 liches
  A quicksilver dragon (shapeshifter) (Zig:20)
  3 deep elf blademasters
  8 titans
  38 acid blobs
  4 deep elf master archers
  Asterion (Elf:2)
  14 ancient champions
  14 quicksilver dragons
  9 death cobs
  14 sphinxes
  A sphinx (shapeshifter) (Zig:20)
  An Executioner (Abyss:3)
  A tentacled starspawn (Abyss:2)
  An eldritch tentacle (Tomb:2)
  21 storm dragons
  7 draconian monks
  8 shadow dragons
  Agnes (D:15)
  8 tengu reavers
  3 thorn hunters
  20 rockslimes
  Donald (Elf:3)
  Roxanne (Snake:1)
  A fenstrider witch (shapeshifter) (Zig:20)
  20 nagarajas
  A fire giant (shapeshifter) (Zig:20)
  6 revenants
  4 deep elf sorcerers
  5 narguns (Zig:14)
  19 azure jellies
  14 frost giants
  A frost giant (shapeshifter) (Zig:20)
  11 draconian knights
  9 iron dragons
  13 vault wardens
  5 emperor scorpions
  13 fire giants
  2 fenstrider witches
  3 ghost moths
  An emperor scorpion (shapeshifter) (Zig:20)
  4 spectral caustic shrikes (Depths:3)
  Louise (Snake:1)
  Aizul (Depths:2)
  4 deep elf elementalists (Elf:3)
  8 draconian scorchers
  A cacodemon (Elf:3)
  5 curse skulls
  5 draconian stormcallers
  A demonspawn blood saint (Zig:9)
  23 ironbound preservers
  6 draconian shifters
  2 orc warlords
  7 ghouls
  4 caustic shrike skeletons
  4 spriggan defenders
  7 draconian annihilators
  A war gargoyle (Vaults:5)
  5 ironbound thunderhulks
  22 quicksilver oozes
  2 reapers
  11 green draconians
  An ophan (Zig:4)
  15 vampire knights
  2 juggernaut skeletons (Crypt:3)
  42 very ugly things
  8 black draconians
  20 stone giants
  7 white draconians
  2 apis (Zig:4)
  17 deep elf annihilators
  11 deep elf demonologists
  13 eleionomae
  A lorocyproca (Depths:3)
  13 dire elephants
  7 spark wasps
  A minotaur (Gauntlet)
  20 purple draconians
  6 wendigos (Zig:14)
  Azrael (D:15)
  4 blizzard demons
  12 red draconians
  10 bennus
  6 eidola
  9 statues (WizLab)
  11 yellow draconians
  4 bunyips
  22 mummy priests
  The ghost of Valeaz the Cleaver, a journeyman HuBe of Trog (D:10)
  14 ettins
  5 entropy weavers
  8 deep elf death magi
  3 shambling mangroves
  2 iron golems (Zig:5)
  2 merfolk javelineers
  12 deep elf high priests
  9 jiangshi
  24 fire dragons
  12 great orbs of eyes
  2 hell beasts (Depths:1)
  13 yaktaur captains
  2 quicksilver dragon skeletons
  4 salamander tyrants
  A peacekeeper (Vaults:2)
  35 vault guards
  3 ghost crabs (Swamp:4)
  3 spriggan zombies (Crypt:1)
  Erolcha (D:11)
  6 ironbound frosthearts
  5 rakshasas
  A death knight (Crypt:1)
  14 ice dragons
  27 hydras
  3 spriggan air magi
  11 centaur warriors
  8 two-headed ogres
  Erica (D:8)
  An alligator snapping turtle (Zig:16)
  A fenstrider witch skeleton (Tomb:3)
  A catoblepas (shapeshifter) (Elf:3)
  21 anacondas
  4 catoblepae
  6 merfolk aquamancers
  7 boulder beetles
  32 dancing weapons
  2 deep troll shamans (Depths:2)
  An ogre mage (Zig:9)
  9 alligators
  15 naga warriors
  9 vampire magi
  92 death scarabs
  10 naga sharpshooters
  The ghost of Wutend the Covert, a novice OpFi of Dithmenos (D:9)
  A thrashing horror (Abyss:4)
  9 deep troll earth magi
  6 hell knights
  A sun demon (Lair:5)
  4 shock serpents
  2 soul eaters
  7 tengu warriors
  24 deep elf knights
  3 orc high priests (Orc:2)
  2 titan skeletons
  3 spriggan berserkers
  2 wretched stars
  A fire crab (shapeshifter) (Zig:20)
  A sixfirhy (Abyss:4)
  2 storm dragon skeletons
  5 iron trolls
  A pharaoh ant (Zig:15)
  2 skysharks
  A cherub (Zig:4)
  4 sea snakes (Snake:2)
  A salamander mystic (Snake:4)
  8 glowing orange brains
  11 swamp dragons
  6 goliath frogs
  4 death drakes
  7 flayed ghosts
  5 spriggan druids
  63 skeletal warriors
  An orb spider (Zig:16)
  A sea snake (shapeshifter) (Zig:20)
  64 deep trolls
  An anaconda skeleton (Crypt:1)
  A lindwurm (shapeshifter) (Vaults:5)
  2 anaconda zombies
  18 lindwurms
  9 wizards
  5 naga ritualists
  Pikel (D:5)
  10 bog bodies
  2 steelbarb worms (shapeshifter)
  21 deep elf archers
  A shadow dragon skeleton (Crypt:1)
  2 bunyip skeletons
  4 harpies
  8 mana vipers
  An iron giant skeleton (Tomb:2)
  8 phantasmal warriors
  2 shadow dragon zombies
  20 ironbound convokers
  3 orange crystal statues
  9 shining eyes
  A wolf spider (Zig:16)
  3 obsidian statues
  33 ugly things
  27 deep elf pyromancers
  An eleionoma zombie (Crypt:3)
  9 necromancers
  7 orc sorcerers
  7 orc knights
  2 harpies (shapeshifter)
  13 salamanders
  2 will-o-the-wisps
  27 deep elf zephyrmancers
  7 manticores
  5 cyclopes
  A dire elephant zombie (Crypt:3)
  A centaur zombie (Tomb:3)
  A cyclops (shapeshifter) (D:14)
  A salamander (shapeshifter) (Elf:3)
  7 large abominations
  An oklob plant (Lair:3)
  2 stone giant skeletons (Crypt:3)
  28 moths of wrath
  13 naga magi
  A black mamba (shapeshifter) (Elf:3)
  32 black mambas
  2 apocalypse crabs (Zig:20)
  A water nymph (shapeshifter) (Zig:2)
  A guardian serpent (shapeshifter) (D:9)
  A water nymph (Zig:15)
  A demonic crawler (Zig:16)
  7 guardian serpents
  9 elephants
  A smoke demon (Abyss:4)
  An eye of devastation (shapeshifter) (Vaults:5)
  2 molten gargoyles (Volcano)
  4 ice statues
  18 cane toads
  2 orange demons (Lair:5)
  3 storm dragon simulacra (Zot:1)
  2 torpor snails
  4 centaur skeletons (Crypt:3)
  10 komodo dragons
  9 eyes of devastation
  A naga skeleton (Crypt:3)
  12 vault sentinels
  5 hellions
  10 rime drakes
  2 dire elephant skeletons
  An unseen horror (D:13)
  5 kobold demonologists
  Psyche (D:8)
  26 yaktaurs
  3 freezing wraiths
  8 ice devils
  2 yaktaurs (shapeshifter)
  19 tengu conjurers
  4 efreet
  A ghost moth simulacrum (Zot:1)
  A red devil (Lair:5)
  A mana viper zombie (Crypt:1)
  An ancient zyme (Abyss:4)
  A troll (shapeshifter) (D:14)
  A sea snake skeleton (Crypt:3)
  A white draconian skeleton (Crypt:3)
  3 merfolk
  10 tyrant leeches
  43 guardian mummies
  A meliai (shapeshifter) (Elf:3)
  A queen bee (D:13)
  2 wolf spider simulacra (D:14)
  2 harpy zombies
  3 polar bears
  3 meliai (D:13)
  2 tarantellas (shapeshifter)
  A bloated husk (Swamp:3)
  9 trolls
  A hellwing (Lair:5)
  A tyrant leech (shapeshifter) (Zig:20)
  8 raiju
  2 wind drakes
  19 hornets
  2 blink frogs (shapeshifter)
  21 blink frogs
  A hydra skeleton (Crypt:3)
  Grinder (D:5)
  6 harpy skeletons
  A guardian serpent zombie (Crypt:3)
  Sigmund (D:5)
  A jumping spider (Gauntlet)
  129 slime creatures
  A black mamba zombie (Crypt:1)
  14 dream sheep
  2 ettin skeletons
  A guardian serpent skeleton (Crypt:3)
  A slime creature (shapeshifter) (Vaults:4)
  2 air elementals
  A merfolk skeleton (Crypt:1)
  2 shadows
  11 wraiths
  57 yaks
  20 ushabtiu
  56 flying skulls
  12 spriggans
  A wyvern (shapeshifter) (Elf:3)
  A tyrant leech zombie (Crypt:2)
  7 water elementals
  A spriggan (shapeshifter) (Zig:20)
  11 fire elementals
  13 golden eyes
  2 yaks (shapeshifter)
  4 wyverns
  3 basilisks
  3 redbacks
  2 neqoxecs (Abyss:4)
  3 steam dragons (Zig:17)
  A wind drake skeleton (Crypt:2)
  4 chaos spawn
  12 vampire mosquitoes
  18 swamp worms
  6 wargs
  13 acid dragons
  A harpy simulacrum (IceCv)
  A death yak simulacrum (IceCv)
  5 small abominations
  A warg (shapeshifter) (D:8)
  An acid dragon (shapeshifter) (Vaults:5)
  27 nagas
  16 water moccasins
  A deep troll skeleton (Crypt:1)
  A faun zombie (Crypt:1)
  A moth of wrath simulacrum (Zot:1)
  6 hell hounds
  A two-headed ogre skeleton (Crypt:1)
  A floating eye (Depths:3)
  2 ice beasts (D:8)
  7 swamp drakes (Swamp:4)
  35 orc warriors
  2 sky beasts
  5 boggarts (Vaults:1)
  A swamp dragon skeleton (Crypt:1)
  A tengu (shapeshifter) (Zig:20)
  3 wolves (Lair:2)
  A centaur (shapeshifter) (Zig:20)
  6 ogres
  27 centaurs
  2 human skeletons
  3 lemures
  5 kobold brigands
  Blork the orc (D:5)
  18 bullfrogs
  2 gnoll sergeants
  A wyvern zombie (Crypt:1)
  3 scorpions
  15 earth elementals
  3 cane toad simulacra (IceCv)
  A salamander skeleton (Crypt:2)
  5 wights
  2 two-headed ogre simulacra (IceCv)
  26 killer bees
  3 spriggan skeletons
  A yak skeleton (Crypt:3)
  7 electric eels
  3 howler monkeys
  3 hounds
  2 quasits
  4 jellies
  3 gnoll boudas
  26 orc priests
  An iron imp (Abyss:4)
  3 iguanas
  A sleepcap (D:6)
  28 orc wizards
  6 spriggan simulacra
  A polar bear simulacrum (IceCv)
  A killer bee zombie (Crypt:1)
  3 wolf simulacra (IceCv)
  An ice beast zombie (Crypt:2)
  2 naga zombies
  43 mummies
  13 gnolls
  4 naga simulacra
  7 adders
  5 shadow imps
  14 white imps
  4 ufetubi
  2 worms
  4 dart slugs
  83 orcs
  8 ball pythons
  11 bats
  5 endoplasms
  12 giant cockroaches
  A gnoll zombie (Crypt:1)
  8 goblins
  9 hobgoblins
  8 jackals
  29 kobolds
  3 quokkas
  A hobgoblin zombie (Crypt:1)
  6 rats
  3 fire vortices (Volcano)
3287 creatures vanquished.

Vanquished Creatures (others)
  The ghost of Hopiceyps the Ruinous, a veteran DgCj (Crypt:1)
  A ghost moth (Zig:16)
  A juggernaut simulacrum (Zig:14)
  A goliath frog (Swamp:4)
  A bloated husk (Swamp:2)
  A steam dragon (Zig:17)
  A vampire mosquito (Swamp:3)
  A swamp worm (Swamp:3)
  A small abomination (Abyss:2)
  A jelly (Abyss:4)
  An orc wizard (D:9)
  A gnoll (D:12)
  2 endoplasms (Sewer)
  2 kobold zombies (Sewer)
  4 starspawn tentacles (Abyss:2)
20 creatures vanquished.

Grand Total: 3307 creatures vanquished

Notes
Turn   | Place    | Note
-------+----------+-------------------------------------------
     0 | D:1      | McKennaii the Demigod Conjurer began the quest for the Orb.
     0 | D:1      | Reached XP level 1. HP: 14/14 MP: 5/5
   435 | D:2      | Reached XP level 2. HP: 20/20 MP: 0/7
   962 | D:2      | Reached XP level 3. HP: 26/26 MP: 5/9
  1503 | D:2      | Learned a level 2 spell: Searing Ray
  2449 | D:3      | Reached XP level 4. HP: 33/33 MP: 6/11
  2723 | D:3      | Identified the +1 robe of Jyimos {SInv}
  3535 | D:4      | Found a staircase to the Ecumenical Temple.
  3682 | D:4      | You fall into a shaft and drop 3 floors!
  3683 | D:7      | Noticed a water moccasin
  3691 | D:7      | Identified the ring of Harmony {Str+3 SInv}
  3774 | D:7      | Killed a water moccasin
  3775 | D:7      | Reached skill level 5 in Conjurations
  3775 | D:7      | Reached XP level 5. HP: 21/38 MP: 1/13
  3969 | D:7      | Reached XP level 6. HP: 45/45 MP: 7/15
  4182 | D:7      | Learned a level 4 spell: Iskenderun's Mystic Blast
  4328 | D:6      | Found a glowing drain.
  4403 | Sewer    | Entered a sewer
  5060 | Sewer    | Reached XP level 7. HP: 13/50 MP: 9/17
  5209 | Sewer    | Found the +3 crown of Dyrovepreva {rElec Int+2 SInv}
  5382 | D:6      | Reached skill level 5 in Spellcasting
  6738 | D:5      | Entered Level 5 of the Dungeon
  6772 | D:5      | Noticed Grinder
  6779 | D:5      | Killed Grinder
  6780 | D:5      | Reached XP level 8. HP: 47/57 MP: 11/21
  6927 | D:5      | Noticed Blork the orc
  6935 | D:5      | Killed Blork the orc
  7043 | D:5      | Noticed Sigmund
  7045 | D:5      | Noticed Pikel
  7790 | D:5      | Killed Sigmund
  8260 | D:5      | Killed Pikel
  9042 | D:7      | Reached XP level 9. HP: 57/62 MP: 16/24
  9627 | D:8      | Found a staircase to the Lair.
  9834 | D:8      | Noticed a white ugly thing
  9836 | D:8      | Noticed an efreet
  9836 | D:8      | Noticed a catoblepas
  9996 | D:8      | Reached skill level 10 in Conjurations
 10166 | D:8      | Noticed Psyche
 10218 | D:8      | Killed Psyche
 10498 | D:8      | Killed an efreet
 10644 | D:8      | Killed a white ugly thing
 10645 | D:8      | Reached XP level 10. HP: 38/69 MP: 0/27
 10843 | D:8      | Noticed Erica
 10851 | D:8      | Killed Erica
 11395 | D:8      | Reached skill level 10 in Spellcasting
 11493 | D:8      | Found the +7 staff of the Meek {protect, meekguard}
 11731 | D:8      | Noticed a seven-headed hydra
 11739 | D:8      | Killed a seven-headed hydra
 11846 | D:8      | Killed a catoblepas
 12231 | D:9      | a komodo dragon changed into a guardian serpent
 12231 | D:9      | Noticed a guardian serpent (shapeshifter)
 12235 | D:9      | Killed a guardian serpent
 12539 | D:8      | Reached XP level 11. HP: 71/74 MP: 9/30
 13378 | D:9      | Found a transporter.
 13382 | D:9      | Found a transporter.
 13538 | D:9      | Noticed Wutend's ghost (novice OpFi)
 13547 | D:9      | Noticed a tengu warrior
 14377 | D:10     | Entered Level 10 of the Dungeon
 15418 | D:10     | Found a runed translucent gate.
 15702 | D:10     | Found a runed translucent door.
 15724 | D:10     | Found a runed translucent door.
 15724 | D:10     | Found a runed translucent door.
 15724 | D:10     | Noticed a great orb of eyes
 15724 | D:10     | Noticed a centaur warrior
 15724 | D:10     | Noticed a flayed ghost
 15782 | D:10     | Found a staircase to the Orcish Mines.
 15821 | D:10     | Noticed a wizard
 15875 | Lair:1   | Entered Level 1 of the Lair of Beasts
 15927 | Lair:1   | Noticed a spriggan rider
 16418 | Lair:1   | You fall into a shaft and drop 1 floor!
 16418 | Lair:2   | Noticed a seven-headed hydra
 16431 | Lair:2   | Killed a seven-headed hydra
 16432 | Lair:2   | Reached skill level 1 in Fighting
 16640 | Lair:2   | Noticed a catoblepas
 17568 | Lair:2   | Reached XP level 12. HP: 50/85 MP: 24/33
 17862 | Lair:2   | Killed a catoblepas
 18471 | Lair:2   | Found a staircase to the Swamp.
 19308 | Lair:3   | Noticed a six-headed hydra
 19322 | Lair:3   | Killed a six-headed hydra
 19327 | Lair:3   | Reached skill level 5 in Dodging
 19451 | Lair:3   | Found a staircase to the Snake Pit.
 19838 | Lair:3   | Reached skill level 5 in Fighting
 21634 | Lair:4   | Reached XP level 13. HP: 97/102 MP: 20/35
 21919 | Lair:5   | Entered Level 5 of the Lair of Beasts
 22326 | Lair:5   | Found a frozen archway.
 22353 | Lair:5   | Identified the +0 chain mail "Ibrekhod" {+Inv Int+3 SInv}
 22463 | IceCv    | Entered an ice cave
 23689 | IceCv    | Noticed a reaper
 23718 | IceCv    | Killed a reaper
 23850 | IceCv    | Got the Quarto of Sickening Snow
 24048 | Lair:5   | Identified the +2 buckler of the Garden {*Corrode rElec
                  | rN+++ Regen+}
 24868 | Lair:5   | Found a staircase to the Slime Pits.
 26613 | Lair:5   | Found a gateway to Hell.
 26937 | D:9      | Reached XP level 14. HP: 116/116 MP: 6/37
 26969 | D:9      | Killed Wutend's ghost
 27156 | D:10     | Learned a level 5 spell: Freezing Cloud
 27940 | D:10     | Noticed an iron giant
 27948 | D:10     | Noticed a juggernaut
 28055 | D:10     | Found a runed translucent gate.
 28055 | D:10     | Found a runed translucent gate.
 28118 | D:10     | Noticed Valeaz's ghost (journeyman HuBe)
 28256 | D:10     | Noticed a juggernaut
 28766 | D:11     | Found Jaxinn's Weapon Emporium.
 29324 | D:11     | Noticed Erolcha
 29333 | D:11     | Killed Erolcha
 30115 | D:12     | Reached skill level 10 in Dodging
 30903 | D:13     | Noticed Rupert
 30911 | D:13     | Killed Rupert
 30912 | D:13     | Reached skill level 10 in Fighting
 31636 | D:13     | Reached skill level 15 in Spellcasting
 32593 | D:14     | Found a gate to the Vaults.
 32660 | D:14     | Found a gate leading to a gauntlet.
 32676 | Gauntlet | Entered a Gauntlet
 32676 | Gauntlet | Found a transporter.
 32761 | Gauntlet | Found a transporter.
 32766 | Gauntlet | Noticed a reaper
 32777 | Gauntlet | Found a transporter.
 32781 | Gauntlet | Found a transporter.
 32802 | Gauntlet | Found a transporter.
 32812 | Gauntlet | Found the ring of the Tortoise {AC+8}
 32815 | Gauntlet | Found a transporter.
 32829 | Gauntlet | Found a transporter.
 32856 | Gauntlet | Found a transporter.
 32856 | Gauntlet | Found a transporter.
 32862 | Gauntlet | Found a transporter.
 32895 | Gauntlet | Found a transporter.
 32895 | Gauntlet | Found a transporter.
 33216 | Gauntlet | Identified the +5 shortbow of Misery {heavy, rPois SInv}
 33228 | Gauntlet | Reached XP level 15. HP: 113/128 MP: 16/39
 33430 | D:14     | Learned a level 5 spell: Lee's Rapid Deconstruction
 33533 | D:14     | Reached skill level 1 in Earth Magic
 34677 | D:14     | Identified the +3 buckler "Nihacowo" {Harm Will+}
 34833 | D:15     | Entered Level 15 of the Dungeon
 34833 | D:15     | Noticed Agnes
 34838 | D:15     | Killed Agnes
 35612 | D:15     | Reached skill level 5 in Earth Magic
 35884 | D:15     | Found a staircase to the Depths.
 36007 | D:15     | Noticed Azrael
 36017 | D:15     | Killed Azrael
 37054 | D:10     | Killed Valeaz's ghost
 37511 | Swamp:1  | Entered Level 1 of the Swamp
 38812 | Swamp:2  | Noticed a thorn hunter
 38935 | Swamp:2  | Killed a thorn hunter
 39072 | Swamp:2  | Identified a scroll of acquirement
 39172 | Swamp:2  | Acquired a book of Power
 39182 | Swamp:2  | Learned a level 6 spell: Iron Shot
 39941 | Swamp:2  | Reached XP level 16. HP: 58/137 MP: 7/41
 41024 | Swamp:3  | Noticed Nikola
 41029 | Swamp:3  | Killed Nikola
 41106 | Swamp:3  | Reached skill level 10 in Earth Magic
 41542 | Swamp:4  | Entered Level 4 of the Swamp
 41866 | Swamp:4  | Paralysed by a fenstrider witch for 3 turns
 42276 | Swamp:4  | Identified the +5 rapier "Spider's Peril" {venom, rElec
                  | Dex+5}
 43044 | Swamp:4  | Got a decaying rune of Zot
 43531 | Snake:1  | Entered Level 1 of the Snake Pit
 43668 | Snake:1  | Identified Roxanne's Compilation of Changing
 43668 | Snake:1  | Noticed Roxanne
 43675 | Snake:1  | Killed Roxanne
 43961 | Snake:1  | Identified the +1 hand axe of Rionat {drain, rC+ Int+3}
 44144 | Snake:1  | Noticed Louise
 44963 | Snake:1  | Killed Louise
 45459 | Snake:2  | Found Onip's Armour Emporium.
 45459 | Snake:2  | Found Qaicrug's Antique Armour Shoppe.
 45460 | Snake:2  | Found Rugheug's Weapon Emporium.
 45462 | Snake:2  | Found Faxzau's Armour Shoppe.
 45503 | Snake:2  | Bought a fine chain mail for 209 gold pieces
 45503 | Snake:2  | Identified the +7 chain mail of Nihilism {Rampage Drain Fly
                  | Dex+7} (You bought it in a shop on level 2 of the Snake
                  | Pit)
 45946 | Snake:2  | Learned a level 9 spell: Shatter
 46038 | Snake:2  | Reached XP level 17. HP: 138/144 MP: 14/44
 48569 | Snake:4  | Entered Level 4 of the Snake Pit
 49960 | Snake:4  | Found Jusiliar's Jewellery Emporium.
 50023 | Snake:4  | Reached skill level 1 in Shields
 50304 | Snake:4  | Bought the ring of the Greedy {rF+ rN+ rCorr Str+3 Stlth-}
                  | for 801 gold pieces
 51321 | Snake:4  | Reached skill level 15 in Earth Magic
 51711 | Snake:4  | Got a serpentine rune of Zot
 51961 | Orc:1    | Entered Level 1 of the Orcish Mines
 52061 | Orc:1    | Paralysed by an orc sorcerer for 5 turns
 52222 | Orc:1    | Paralysed by an orc sorcerer for 5 turns
 52772 | Orc:2    | Entered Level 2 of the Orcish Mines
 52789 | Orc:2    | Found a staircase to the Elven Halls.
 52889 | Orc:2    | Found a dark tunnel.
 52894 | Volcano  | Entered a volcano
 53621 | Orc:1    | Found Qiazan's Distillery.
 54071 | Orc:1    | Bought a potion of curing for 33 gold pieces
 54071 | Orc:1    | Bought 3 potions of mutation for 264 gold pieces
 54071 | Orc:1    | Bought a potion of brilliance for 44 gold pieces
 54721 | Orc:2    | Found Rurogoixo's Book Shoppe.
 54751 | Orc:2    | Paralysed by an orc sorcerer for 5 turns
 54988 | Orc:2    | Reached skill level 5 in Shields
 55413 | Orc:2    | Found Dotyoxil's Jewellery Shoppe.
 55414 | Orc:2    | Found Rasik's Antique Weapon Boutique.
 55414 | Orc:2    | Found Quciym's Armour Boutique.
 55421 | Orc:2    | Bought a book of Alchemy for 392 gold pieces
 55529 | Orc:2    | Learned a level 4 spell: Petrify
 55558 | Elf:1    | Entered Level 1 of the Elven Halls
 55560 | Elf:1    | Reached XP level 18. HP: 151/151 MP: 39/46
 55724 | Elf:1    | Found Moetuek's General Store.
 55732 | Elf:1    | Bought a potion of experience for 700 gold pieces
 55750 | Elf:1    | Found Guhoom's Book Shop.
 56082 | Elf:1    | Identified the +2 quarterstaff of Widoumas {venom, Will+
                  | Dex+3}
 56116 | Elf:1    | Got Jofag's Tome of Blows
 56449 | Elf:1    | Found Uplano Wuxe's Armour Emporium.
 56455 | Elf:1    | Found Ruwohaes's Magic Scroll Shop.
 56470 | Abyss:2  | Cast into level 2 of the Abyss (a deep elf demonologist)
 56472 | Abyss:2  | Reached XP level 19. HP: 148/157 MP: 29/47
 57209 | Abyss:4  | Gained mutation: You occasionally lose the ability to read
                  | scrolls when taking damage. [a neqoxec]
 57225 | Abyss:4  | Lost mutation: You occasionally lose the ability to read
                  | scrolls when taking damage. [potion of mutation]
 57225 | Abyss:4  | Gained mutation: Your mind is acute. (Int +4, Str/Dex -1)
                  | [potion of mutation]
 57312 | Abyss:4  | Noticed a bone dragon
 57328 | Abyss:4  | Found a transporter.
 57628 | Elf:1    | Escaped the Abyss
 58193 | Elf:1    | Bought a scroll of teleportation for 39 gold pieces
 58193 | Elf:1    | Bought a scroll of summoning for 123 gold pieces
 58193 | Elf:1    | Bought a scroll of teleportation for 39 gold pieces
 58193 | Elf:1    | Bought a scroll of fear for 52 gold pieces
 59065 | Elf:2    | Found a runed translucent gate.
 59065 | Elf:2    | Found a runed translucent gate.
 59065 | Elf:2    | Found a runed translucent gate.
 60035 | Elf:2    | Noticed Asterion
 60049 | Elf:2    | Killed Asterion
 60418 | Elf:3    | Entered Level 3 of the Elven Halls
 60578 | Elf:3    | Found Halub's Magic Scroll Boutique.
 60584 | Elf:3    | Bought a scroll of teleportation for 36 gold pieces
 60584 | Elf:3    | Bought a scroll of teleportation for 36 gold pieces
 60795 | Elf:3    | Found a runed translucent gate.
 60795 | Elf:3    | Found a runed translucent gate.
 60795 | Elf:3    | Found a runed translucent gate.
 60994 | Elf:3    | Noticed Donald
 60998 | Elf:3    | Killed Donald
 62256 | Elf:3    | Identified the ring "Bucem" {Fire rN+ Int+3}
 62455 | Elf:3    | Identified the +8 glaive of Elaedaqi {distort, Int+2}
 62455 | Elf:3    | Identified the ring "Ohin" {MP+9 AC+4}
 62479 | Elf:3    | Reached XP level 20. HP: 165/165 MP: 5/48
 62588 | Elf:3    | Identified the ring "Oduasiets" {Fire Drain rElec rCorr
                  | Dex+8}
 62904 | Elf:3    | Identified the +10 sling "Mikhunki" {heavy, Str-4 Dex+6}
 63020 | Elf:3    | Identified the +0 cloak "Moimiurch" {Int+4 Stlth+}
 63152 | Elf:3    | Reached skill level 10 in Shields
 63321 | Elf:3    | Found a runed translucent gate.
 63321 | Elf:3    | Found a runed translucent gate.
 63326 | Elf:3    | Found a runed translucent gate.
 63334 | Elf:3    | Noticed krest322's ghost (adept HOFi)
 63626 | Elf:3    | Killed krest322's ghost
 63949 | Elf:3    | Identified the +4 pair of gloves of Demons {Harm rElec rC+
                  | Stlth-}
 64237 | Slime:1  | Entered Level 1 of the Pits of Slime
 66390 | Slime:5  | Entered Level 5 of the Pits of Slime
 67163 | Slime:5  | Gained mutation: Your body sometimes deteriorates upon
                  | taking damage. [a shining eye]
 67268 | Slime:5  | Noticed the Royal Jelly
 67419 | Slime:5  | Gained mutation: You are clumsy. (Dex -2) [a shining eye]
 67664 | Slime:5  | Gained mutation: You expend magic power (3 MP) to
                  | strengthen your wands. [a shining eye]
 67664 | Slime:5  | Gained mutation: You sometimes lose your temper in combat.
                  | [a shining eye]
 68299 | Slime:5  | Killed the Royal Jelly
 68300 | Slime:5  | Reached XP level 21. HP: 171/171 MP: 36/50
 68517 | Slime:5  | Found the +7 Spriggan's Knife {stab, EV+4 Stlth+}
 68518 | Slime:5  | Found the +8 arc blade {discharge, rElec}
 68526 | Slime:5  | Got the Exposition on Congelation and Gusts
 68569 | Slime:5  | Identified the ring of Ugaizur {rF+ AC+4 Str+2}
 68664 | Slime:5  | Got the Omnibus of Malediction
 68666 | Slime:5  | Got a slimy rune of Zot
 68887 | Slime:4  | Learned a level 7 spell: Orb of Destruction
 69164 | Vaults:1 | Entered Level 1 of the Vaults
 71502 | Vaults:2 | Found a runed translucent door.
 71637 | Vaults:2 | Noticed abarbat's ghost (adept MiBe)
 71912 | Vaults:2 | Killed abarbat's ghost
 72247 | Vaults:4 | Found Etoeng's Magic Scroll Emporium.
 72308 | Vaults:4 | Found a magical portal.
 72320 | Vaults:4 | Lost mutation: Your body sometimes deteriorates upon taking
                  | damage. [potion of mutation]
 72320 | Vaults:4 | Lost mutation: Your mind is acute. (Int +4, Str/Dex -1)
                  | [potion of mutation]
 72320 | Vaults:4 | Gained mutation: Armour fits poorly on your strangely
                  | shaped body. [potion of mutation]
 72320 | Vaults:4 | Gained mutation: You have an uncontrollable temper. [potion
                  | of mutation]
 72320 | Vaults:4 | Gained mutation: You passively dampen the noise of your
                  | surroundings. [potion of mutation]
 72321 | Vaults:4 | Lost mutation: You have an uncontrollable temper. [potion
                  | of mutation]
 72321 | Vaults:4 | Lost mutation: You sometimes lose your temper in combat.
                  | [potion of mutation]
 72321 | Vaults:4 | Lost mutation: You expend magic power (3 MP) to strengthen
                  | your wands. [potion of mutation]
 72321 | Vaults:4 | Gained mutation: You possess an exceptional clarity of
                  | mind. [potion of mutation]
 72321 | Vaults:4 | Gained mutation: Your mind is acute. (Int +4, Str/Dex -1)
                  | [potion of mutation]
 72321 | Vaults:4 | Gained mutation: Your flesh is heat resistant. (rF+)
                  | [potion of mutation]
 72324 | WizLab   | Entered Iskenderun's Mystic Tower
 73200 | WizLab   | Got Iskenderun's Papyrus of the Shot
 73325 | Vaults:4 | Bought a scroll of blinking for 127 gold pieces
 73325 | Vaults:4 | Bought a scroll of fear for 68 gold pieces
 73325 | Vaults:4 | Bought a scroll of enchant armour for 127 gold pieces
 73387 | Vaults:4 | Reached XP level 22. HP: 179/179 MP: 15/52
 73529 | Vaults:4 | Reached skill level 15 in Shields
 73911 | Vaults:4 | Identified the staff of conjuration "Acwia" {Fly rC- Will+
                  | Int+8}
 74985 | Vaults:3 | Identified the ring "Wipsinin" {Fly MP+9 Str+5}
 75088 | Vaults:3 | Found Kaeffixt's Magic Scroll Boutique.
 75096 | Vaults:3 | Bought a scroll of acquirement for 1196 gold pieces
 75096 | Vaults:3 | Bought a scroll of teleportation for 69 gold pieces
 75096 | Vaults:3 | Bought a scroll of fear for 92 gold pieces
 75096 | Vaults:3 | Acquired 532 gold pieces
 75141 | Vaults:3 | Identified the +0 scale mail "Xown" {+Blink rN++ Dex-4}
 75964 | Vaults:3 | Identified the +4 dagger of Egomania {venom, rCorr Dex+3}
 75968 | Vaults:3 | Found a staircase to the Crypt.
 76005 | Vaults:3 | You are sucked into a shaft and drop 1 floor!
 76620 | Vaults:5 | Entered Level 5 of the Vaults
 76882 | Vaults:5 | Noticed an ancient lich
 76886 | Vaults:5 | Killed an ancient lich
 76918 | Vaults:5 | Noticed an ancient lich
 76920 | Vaults:5 | Killed an ancient lich
 77102 | Vaults:5 | Reached XP level 23. HP: 174/187 MP: 52/54
 77373 | Vaults:5 | Identified the staff of cold "Pyarebum" {rC+ Int+6 Dex-5
                  | SInv}
 77402 | Vaults:5 | Noticed an ancient lich
 77829 | Vaults:5 | Killed an ancient lich
 77897 | Vaults:5 | Identified the +8 plate armour of Aptu Maro {rCorr Str+2
                  | Dex-3}
 78518 | Vaults:5 | Identified the staff of air "Nuifoe Gaoli" {rElec Str+2
                  | Int+3}
 78530 | Vaults:5 | Got a silver rune of Zot
 79056 | Depths:1 | Entered Level 1 of the Depths
 79740 | Depths:1 | Found a one-way gateway to a ziggurat.
 79935 | Depths:1 | Found a one-way gate to the infinite horrors of the Abyss.
 80690 | Depths:2 | Found a one-way gate leading to the halls of Pandemonium.
 80823 | Depths:2 | Noticed Aizul
 80828 | Depths:2 | Killed Aizul
 81952 | Depths:2 | Got Kotirgheu's Vellum of the Familiar Singularity
 82407 | Depths:3 | Reached XP level 24. HP: 140/204 MP: 47/55
 82527 | Depths:3 | Noticed Jory
 82528 | Depths:3 | Killed Jory
 83226 | Depths:3 | Found Tileff's Magic Scroll Shoppe.
 83239 | Depths:3 | Bought a scroll of blinking for 90 gold pieces
 83239 | Depths:3 | Bought a scroll of magic mapping for 90 gold pieces
 83417 | Depths:3 | Reached skill level 15 in Fighting
 84191 | Depths:4 | Entered Level 4 of the Depths
 84209 | Depths:4 | Found Yrud's Superior Scales.
 84824 | Depths:4 | Found a gate to the Realm of Zot.
 85629 | Depths:4 | Bought the +5 scale mail "Saduack" {rN++ Stlth-} for 947
                  | gold pieces
 85894 | Crypt:1  | Entered Level 1 of the Crypt
 85928 | Crypt:1  | Reached skill level 1 in Armour
 86171 | Crypt:1  | Found a runed translucent door.
 86171 | Crypt:1  | Noticed Hopiceyps's ghost (veteran DgCj)
 86736 | Crypt:1  | Killed Hopiceyps's ghost
 86943 | Crypt:2  | Noticed a royal mummy
 86947 | Crypt:2  | Killed a royal mummy
 86947 | Crypt:2  | Noticed Khufu
 86949 | Crypt:2  | Noticed a royal mummy
 87038 | Crypt:2  | Noticed a royal mummy
 87040 | Crypt:2  | Killed Khufu
 87040 | Crypt:2  | Killed a royal mummy
 87041 | Crypt:2  | Killed a royal mummy
 87893 | Crypt:3  | Entered Level 3 of the Crypt
 87893 | Crypt:3  | Noticed an ancient lich
 87894 | Crypt:3  | Killed an ancient lich
 87894 | Crypt:3  | Found the +6 Majin-Bo {spellvamp, MP+6 Int+6}
 87895 | Crypt:3  | Reached XP level 25. HP: 216/216 MP: 56/56
 87904 | Crypt:3  | Reached skill level 5 in Armour
 88236 | Crypt:3  | Identified the amulet "Jipri" {Reflect Fly SH+5}
 88249 | Crypt:3  | Identified the ring of Resuna {rN+ rCorr Str-4 Stlth+}
 88249 | Crypt:3  | Identified the ring "Dowkothrua" {rC+ rN+}
 88691 | Crypt:3  | Noticed Mennas
 88697 | Crypt:3  | Killed Mennas
 89534 | Crypt:3  | Found a staircase to the Tomb.
 90115 | Tomb:1   | Entered Level 1 of the Tomb of the Ancients
 90180 | Tomb:1   | Noticed a royal mummy
 90184 | Tomb:1   | Killed a royal mummy
 90274 | Tomb:1   | Noticed a royal mummy
 90283 | Tomb:1   | Killed a royal mummy
 90298 | Tomb:1   | Noticed a royal mummy
 90309 | Tomb:1   | Killed a royal mummy
 90361 | Tomb:1   | Noticed a royal mummy
 90365 | Tomb:1   | Killed a royal mummy
 90374 | Tomb:1   | Noticed a royal mummy
 90377 | Tomb:1   | Killed a royal mummy
 90806 | Tomb:1   | Noticed a royal mummy
 90819 | Tomb:1   | Killed a royal mummy
 91142 | Tomb:1   | Noticed a royal mummy
 91154 | Tomb:1   | Killed a royal mummy
 91177 | Tomb:1   | Noticed a royal mummy
 91182 | Tomb:1   | Killed a royal mummy
 91320 | Tomb:1   | Noticed a royal mummy
 91324 | Tomb:1   | Killed a royal mummy
 91392 | Tomb:1   | Noticed a royal mummy
 91399 | Tomb:1   | Killed a royal mummy
 92032 | Tomb:1   | Noticed a royal mummy
 92034 | Tomb:1   | Killed a royal mummy
 92119 | Tomb:1   | Noticed a royal mummy
 92122 | Tomb:1   | Killed a royal mummy
 92533 | Tomb:1   | Noticed a royal mummy
 92535 | Tomb:1   | Killed a royal mummy
 92762 | Tomb:1   | Noticed a royal mummy
 92791 | Tomb:1   | Killed a royal mummy
 93121 | Tomb:1   | Noticed a royal mummy
 93126 | Tomb:1   | Killed a royal mummy
 93983 | Tomb:2   | Noticed a royal mummy
 93986 | Tomb:2   | Reached XP level 26. HP: 231/231 MP: 57/57
 93988 | Tomb:2   | Killed a royal mummy
 93993 | Tomb:2   | Noticed a royal mummy
 94003 | Tomb:2   | Killed a royal mummy
 94165 | Tomb:2   | Noticed a royal mummy
 94179 | Tomb:2   | Killed a royal mummy
 94318 | Tomb:2   | Noticed a royal mummy
 94320 | Tomb:2   | Killed a royal mummy
 94346 | Tomb:2   | Noticed a royal mummy
 94405 | Tomb:2   | Killed a royal mummy
 95226 | Tomb:3   | Entered Level 3 of the Tomb of the Ancients
 95243 | Tomb:3   | Reached skill level 10 in Armour
 95264 | Tomb:3   | Noticed a royal mummy
 95266 | Tomb:3   | Noticed a royal mummy
 95607 | Tomb:3   | Killed a royal mummy
 95630 | Tomb:3   | Killed a royal mummy
 95640 | Tomb:3   | Noticed a royal mummy
 95643 | Tomb:3   | Noticed a royal mummy
 95646 | Tomb:3   | Killed a royal mummy
 95647 | Tomb:3   | Killed a royal mummy
 95648 | Tomb:3   | Noticed a royal mummy
 95652 | Tomb:3   | Killed a royal mummy
 95654 | Tomb:3   | Noticed a royal mummy
 95660 | Tomb:3   | Killed a royal mummy
 95660 | Tomb:3   | Noticed a royal mummy
 95670 | Tomb:3   | Killed a royal mummy
 95688 | Tomb:3   | Noticed a royal mummy
 95695 | Tomb:3   | Killed a royal mummy
 95712 | Tomb:3   | Noticed a royal mummy
 95721 | Tomb:3   | Killed a royal mummy
 96149 | Tomb:3   | Identified the +2 pair of boots "Fust" {rPois rF+ Will-
                  | Int+4}
 96212 | Tomb:3   | Identified the +5 dagger of Winter {freeze, rC+ rN++ Dex-3}
 96213 | Tomb:3   | Identified the +0 morningstar of Instinct {protect, rN+++
                  | Will+ Str+2 Stlth-}
 96692 | Tomb:3   | Got a golden rune of Zot
 97285 | Vaults:2 | Noticed Zenata
 97289 | Vaults:2 | Killed Zenata
 97490 | Zot:1    | Entered Level 1 of the Realm of Zot
 97526 | Zot:1    | Identified the +9 morningstar of the Boar {elec, *Rage
                  | +Blink Will+}
 97574 | Zot:1    | Lost mutation: Your flesh is heat resistant. (rF+) [potion
                  | of mutation]
 97574 | Zot:1    | Lost mutation: Armour fits poorly on your strangely shaped
                  | body. [potion of mutation]
 97574 | Zot:1    | Gained mutation: You expend magic power (3 MP) to
                  | strengthen your wands. [potion of mutation]
 97574 | Zot:1    | Gained mutation: Your mind is very acute. (Int +8, Str/Dex
                  | -2) [potion of mutation]
 97791 | Zot:1    | Noticed an orb of fire
 97793 | Zot:1    | Killed an orb of fire
 98003 | Zot:1    | Noticed Parghit
 98007 | Zot:1    | Killed Parghit
 98537 | Zot:1    | Identified the ring "Sagic" {Ice rElec rPois rN+ Int-5}
 98537 | Zot:1    | Noticed Josephina
 98542 | Zot:1    | Killed Josephina
 99267 | Zot:2    | Reached XP level 27. HP: 235/240 MP: 57/58
 99342 | Zot:2    | Noticed an orb of fire
 99346 | Zot:2    | Lost mutation: You expend magic power (3 MP) to strengthen
                  | your wands. [an orb of fire]
 99348 | Zot:2    | Killed an orb of fire
100293 | Zot:3    | Noticed an orb of fire
100297 | Zot:3    | Killed an orb of fire
102312 | Zot:4    | Identified the +0 cloak "Bocru" {rC+ rCorr Int+5}
102926 | Zot:5    | Entered Level 5 of the Realm of Zot
103002 | Zot:5    | Identified the +4 sling "Xuonniorch" {antimagic, rF- rN++
                  | rCorr Int+4}
103626 | Zot:5    | Noticed an orb of fire
103630 | Zot:5    | Killed an orb of fire
103647 | Zot:5    | Noticed an ancient lich
103654 | Zot:5    | Killed an ancient lich
103655 | Zot:5    | Reached skill level 15 in Armour
103776 | Zot:5    | Noticed an ancient lich
103784 | Zot:5    | Killed an ancient lich
103834 | Zot:5    | Noticed an ancient lich
103837 | Zot:5    | Killed an ancient lich
103876 | Zot:5    | Noticed a dread lich
103976 | Zot:5    | Killed a dread lich
104246 | Zot:5    | Noticed a dread lich
104248 | Zot:5    | Killed a dread lich
104433 | Zot:5    | Noticed an orb of fire
104433 | Zot:5    | Noticed an orb of fire
104434 | Zot:5    | Noticed a dread lich
104435 | Zot:5    | Killed a dread lich
104437 | Zot:5    | Noticed an orb of fire
104438 | Zot:5    | Gained mutation: Potions are less effective at restoring
                  | your health. [an orb of fire]
104439 | Zot:5    | Killed an orb of fire
104442 | Zot:5    | Gained mutation: You are frail. (-10% HP) [an orb of fire]
104444 | Zot:5    | Noticed a dread lich
104444 | Zot:5    | Noticed an ancient lich
104446 | Zot:5    | Gained mutation: You are vulnerable to cold. (rC-) [an orb
                  | of fire]
104489 | Zot:5    | Gained mutation: You are weak. (Str -2) [an orb of fire]
104489 | Zot:5    | Killed an orb of fire
104884 | Zot:5    | Killed an orb of fire
104899 | Zot:5    | Killed a dread lich
104902 | Zot:5    | Killed an ancient lich
105249 | Zig:1    | Entered Level 1 of a ziggurat
105271 | Zig:2    | Entered Level 2 of a ziggurat
105295 | Zig:3    | Entered Level 3 of a ziggurat
105307 | Zig:3    | Identified the ring of Radoc {rPois Int+6 Dex+3}
105315 | Zig:3    | Identified the +10 shortbow "Bal Cadicepn" {elec, rC- rCorr
                  | Int+4}
105350 | Zig:4    | Entered Level 4 of a ziggurat
105371 | Zig:4    | Identified the staff of earth "Fienk" {rN+++ MP-9 Str+4
                  | Stlth+}
105428 | Zig:5    | Entered Level 5 of a ziggurat
105573 | Zig:5    | Identified the ring of Woypruc {Wiz Drain Dex+6 SInv}
105592 | Zig:6    | Entered Level 6 of a ziggurat
105854 | Zig:6    | Identified the amulet "Eppa" {Spirit rElec}
105870 | Zig:6    | Identified the +1 scimitar "Dixyvvid" {antimagic, rElec
                  | rPois}
105879 | Zig:7    | Entered Level 7 of a ziggurat
105915 | Zig:7    | Got the Parchment of the Supportive Damned
105920 | Zig:8    | Entered Level 8 of a ziggurat
105970 | Zig:9    | Entered Level 9 of a ziggurat
105979 | Zig:9    | Reached skill level 27 in Earth Magic
106039 | Zig:9    | Identified the +2 dagger of Myuvioc {heavy, rElec Str+2}
106053 | Zig:10   | Entered Level 10 of a ziggurat
106155 | Zig:10   | Identified the +0 mace "Duca Bub" {heavy, *Slow Fly rF+
                  | rCorr Str+3}
106167 | Zig:11   | Entered Level 11 of a ziggurat
106178 | Zig:11   | Noticed a dread lich
106180 | Zig:11   | Killed a dread lich
106227 | Zig:11   | Identified the staff of fire "Daj Lots" {rF+ rN+ Str+2}
106235 | Zig:11   | Identified the +9 hand axe of Poewn {speed, rElec Str+6
                  | Int-2 Stlth+}
106236 | Zig:11   | Identified the staff of cold "Icon" {rElec rPois rC+}
106243 | Zig:11   | Identified the +2 leather armour of Boduenk {Dex+3}
106256 | Zig:12   | Entered Level 12 of a ziggurat
106289 | Zig:12   | Found the amulet of Vitality {RegenMP++ Regen++}
106517 | Zig:12   | Identified the +5 trident of Dishonesty {spect, MP+9}
106574 | Zig:13   | Entered Level 13 of a ziggurat
106691 | Zig:13   | Identified the +1 falchion "Suafoc" {spect, SInv}
106695 | Zig:13   | Identified the staff of cold "Wabye" {rC+ Will+}
106716 | Zig:14   | Entered Level 14 of a ziggurat
106730 | Zig:14   | Found the +4 skin of Zhor {*Englaciate rC+++ SInv}
106742 | Zig:14   | Got Sif Muna's Disquisition on Astrapomancy
106745 | Zig:14   | Identified the staff of conjuration "Quecith" {+Blink MP+9}
106761 | Zig:14   | Got the Grimoire of Cankerous Malisons
106786 | Zig:15   | Entered Level 15 of a ziggurat
106903 | Zig:15   | Identified the +0 scale mail "Hateduce" {*Corrode MP+9
                  | Int+5 SInv}
106911 | Zig:15   | Identified the +2 ring mail of Leapfrog {-Tele rF+ rC+}
106973 | Zig:16   | Entered Level 16 of a ziggurat
107074 | Zig:16   | Identified the +2 plate armour of the Yeti {Dex+2}
107105 | Zig:16   | Identified the amulet "Myrumib" {Reflect Dex+2 SH+5}
107137 | Zig:17   | Entered Level 17 of a ziggurat
107251 | Zig:17   | Identified the +1 battleaxe "Conservator" {spect, rElec}
107253 | Zig:17   | Identified the ring of Jidollic {*Slow rF+ MP+9 EV+5 Str+3}
107257 | Zig:17   | Identified the +8 plate armour of Xunioni {rC+++ Regen+
                  | Str-2 Stlth-}
107276 | Zig:17   | Identified the staff of air "Hulostremm" {rElec rPois
                  | Int+2}
107306 | Zig:17   | Identified the +0 spear "Vaghih" {heavy, Int+3}
107324 | Zig:18   | Entered Level 18 of a ziggurat
107444 | Zig:18   | Identified the +6 rapier "Bon Iroyne" {heavy, Dex+2}
107449 | Zig:18   | Identified the +0 leather armour of Esev {Harm Fly Str-2}
107453 | Zig:18   | Identified the +16 gold dragon scales of Makhleb's Pride
                  | {-Cast rElec rPois rF+ rC+ Regen+ Str-2}
107456 | Zig:18   | Identified the +0 trident of Okawaru's Pride {drain, rF-
                  | rCorr Dex+2}
107464 | Zig:18   | Identified the staff of air "Hoaqasse" {Fly rElec rF+ Str-4
                  | Int+2}
107470 | Zig:19   | Entered Level 19 of a ziggurat
107528 | Zig:19   | Reached skill level 27 in Spellcasting
107543 | Zig:19   | Gained mutation: You are vulnerable to heat. (rF-) [a
                  | shining eye]
107617 | Zig:19   | Identified the +4 shadow dragon scales "Lieseun" {rPois rN+
                  | Will++ Stlth++++}
107618 | Zig:19   | Identified the staff of fire "Qyeqatem" {Drain rF+ Str+2
                  | Int+3 Stlth+}
107650 | Zig:20   | Entered Level 20 of a ziggurat
107669 | Zig:20   | Noticed Myxkeel the pandemonium lord
107673 | Zig:20   | Noticed Kexaysacw the pandemonium lord
107675 | Zig:20   | Noticed Qagrunet the pandemonium lord
107676 | Zig:20   | Noticed Roxirog the pandemonium lord
107677 | Zig:20   | Killed Kexaysacw the pandemonium lord
107677 | Zig:20   | Noticed Muttosh the pandemonium lord
107680 | Zig:20   | Killed Myxkeel the pandemonium lord
107681 | Zig:20   | Killed Muttosh the pandemonium lord
107683 | Zig:20   | Killed Qagrunet the pandemonium lord
107686 | Zig:20   | Noticed Femoshau the pandemonium lord
107686 | Zig:20   | Noticed Noxkeog the pandemonium lord
107687 | Zig:20   | Noticed Kableaso the pandemonium lord
107690 | Zig:20   | Noticed Oxaynn the pandemonium lord
107696 | Zig:20   | Found the +8 whip "Snakebite" {venom, curare, rPois}
107707 | Zig:20   | Blown up by Roxirog the pandemonium lord

Illustrated notes

Levels and vault maps discovered:
D:1:      kennysheep_arrival_forest, layout_loops_ring
D:2:      minmay_roachtagon, layout_basic, basic_altar
D:3:      layout_basic, mainiacjoe_overflow_small_starburst
D:4:      layout_rooms, minmay_temple_entry_trees
D:5:      corexii_shack_village, layout_loops_ring,
          mainiacjoe_overflow_boulevard, uniq_sigmund, uniq_pikel,
          uniq_blork_the_orc, uniq_grinder
D:6:      layout_layer_cave, mainiacjoe_overflow_cross_hatched,
          cheibrodos_sewer_entry_sluice, kb_lookout_dungeons_type
D:7:      layout_loops_cross, nicolae_overflow_hidden_temple
D:8:      hangedman_cross_veins, layout_loops_cross, cheibrodos_worm_habitat,
          erik_lair_orcish_takeover, minmay_misc_feat_nine_boxes,
          pf_guarded_unrand_meek, uniq_psyche, uniq_erica
D:9:      layout_long_grid, kennysheep_mini, lemuel_doored_altar,
          mainiacjoe_overflow_24_doors, special_room [special_room_orc],
          gammafunk_ghost_wrathful_warriors, serial_bayou_pond_b
D:10:     minmay_the_grid_four_pointed_star
          [minmay_the_grid_triangle_9x9_semitri,
          minmay_the_grid_triangle_9x9_fully_insulated_deathbox,
          minmay_the_grid_triangle_9x9_intruding_spiral,
          minmay_the_grid_triangle_9x9_zippers_vertical,
          minmay_the_grid_prize_four_corners_diamond_b], layout_stronghold,
          xom_shifter_show, gammafunk_ghost_ooze, nzn_random_ring
D:11:     layout_roguey, serial_shops, nicolae_shop_hallway_plus, uniq_erolcha
D:12:     layout_rooms
D:13:     layout_roguey [special_room_bee], roderic_lattice_a, uniq_rupert
D:14:     layout_gridville, lightli_vaults_fourway_checkpoint, minivault_25,
          gauntlet_entry_generic, grunt_ministairs_8,
          nicolae_gozag_cash_rules_everything_around_me
D:15:     hangedman_depths_entry_civil_slaughter, layout_basic,
          grunt_decor_resistance, uniq_agnes, uniq_azrael
Lair:1:   layout_small_grid, minmay_stone_trees_large,
          chequers_serial_rivers_small_a, grunt_forest_large_clearings
Lair:2:   layout_loops_ring, swamp_mist_pool, eino_small_chamber_without_monster
Lair:3:   layout_layer_cave, minmay_snake_entry_spellcaster, grunt_megastairs_2
Lair:4:   layout_hall_layers, serial_rivers, chequers_serial_rivers_micro_c,
          chequers_serial_rivers_marsh, chequers_serial_rivers_micro_d,
          chequers_serial_rivers_large_b, chequers_serial_rivers_marsh,
          lemuel_fruit_tree
Lair:5:   evil_forest, layout_regular_city, nicolae_slime_entry_field_trip,
          portal_ice_cave_entry_imps, minmay_lair_drake_nest
Swamp:1:  layout_basic_swamp, evilmike_swamp_ruin_house_6, swamp_pool4
Swamp:2:  layout_basic_swamp, nicolae_swamp_treefoil, swamp_pool5
Swamp:3:  nicolae_swamp_wrong_neighborhood, layout_basic_swamp,
          evilmike_swamp_ruin_house_2, roderic_carrion_pond, uniq_nikola
Swamp:4:  swamp_basic_johnstein, layout_basic_swamp, swamp_pool1
Snake:1:  layout_layer_cave, basic_altar, serial_bayou_pond_d,
          grunt_megastairs_3, uniq_louise, uniq_roxanne
Snake:2:  layout_basic, minmay_shoptagon
Snake:3:  layout_gridlike, grunt_megastairs_1
Snake:4:  grunt_snake_rune_serpentine_throne, layout_cave_town, serial_shops,
          nicolae_shop_crystal
Slime:1:  layout_caves
Slime:2:  layout_caves, basic_altar
Slime:3:  layout_caves
Slime:4:  layout_caves
Slime:5
Orc:1:    layout_caves, serial_shops, nicolae_shop_hallway_stairs, basic_altar,
          bloody_makhleb
Orc:2:    st_orc_elflike, layout_caves, enter_volcano_4
Elf:1:    layout_gridlike, serial_shops, shop, shop,
          nicolae_shop_just_a_little_nook, nicolae_shop_behind_doors,
          minmay_elf_annihilation
Elf:2:    nicolae_elf_blades_splatter_lattice
          [nicolae_blade_entry_area_security], layout_loops_cross, minivault_5,
          grunt_ministairs_14, solitary_fountain, uniq_asterion
Elf:3:    minmay_elf_hall_furrowed, layout_geoelf_castle,
          ploomutoo_gammafunk_ghost_potion_laboratory, serial_shops, shop,
          grunt_megastairs_5, uniq_donald
Vaults:1: grunt_vaults_diagonal, vaults_room_grid,
          nicolae_vaults_storage_closets_2,
          nicolae_vaults_windows_and_doors_thing, vaults_room_pools,
          ontoclasm_vaults_gallery, nicolae_vaults_big_ls,
          vaults_room_semicircle, layout_vaults_omnicross
Vaults:2: hellmonk_ghost_big_iron, nicolae_vaults_cornered_office,
          nicolae_vaults_border_crossing, vaults_room_hallway,
          vaults_room_stairs_pillars, vaults_room_door_hall,
          nicolae_vaults_trapezoid_layered, nicolae_vaults_tetromino_T_2,
          nicolae_vaults_little_squares_5, v_pattern_5,
          nicolae_vaults_little_squares_1, nicolae_vaults_murderbox,
          layout_vaults_big_room, uniq_zenata
Vaults:3: hangedman_vaults_nodes, grunt_vaults_twisty,
          nicolae_vaults_trapezoid_4, minmay_crypt_entry_simple_statues,
          nicolae_vaults_more_shelving_2, v_misc_19, vaults_room_door_hall,
          nicolae_vaults_asterisk, ontoclasm_vaults_loading_screen,
          ontoclasm_vaults_gateway, layout_vaults_omnigrid, serial_shops,
          nicolae_shop_temple_entry_statues_fountains
Vaults:4: mu_enter_wizlab_3, v_misc_2, nicolae_vaults_wrenched,
          nicolae_vaults_storage_closets_3, v_alt_pattern_6,
          nicolae_vaults_antechamber_and_loot_room, hangedman_vaults_unwind,
          nicolae_vaults_tetromino_Z_2, vaults_room_grid,
          ontoclasm_vaults_ring_small, vaults_room_semicircle,
          vaults_mumra_hexcomb, layout_vaults_omnibox, serial_shops,
          nicolae_shop_statue_plus
Vaults:5: serial_shops
Crypt:1:  layout_basic, hellmonk_ghost_happy_afterlife, tombwall_bobbens
Crypt:2:  layout_rooms, uniq_khufu
Crypt:3:  church_of_pain_bobbens, layout_chaotic_city, tomb_entry_shell_bobbens,
          uniq_mennas
Tomb:1
Tomb:2
Tomb:3
Depths:1: layout_roguey, enter_ziggurat_c, abyss_entry_small_statue_room,
          grunt_mini_vestibule, minivault_14, eino_curves_03, okawaru_gym_becter
Depths:2: kennysheep_snake, layout_gridlike, grunt_pan_entry_spiral, hell_entry,
          minmay_misc_feat_tower, uniq_aizul
Depths:3: nzn_winding_woodlands_stair_cross [nzn_winding_woodlands_5x15_jagged,
          nzn_winding_woodlands_center_garden,
          nzn_winding_woodlands_5x15_pockets,
          nzn_winding_woodlands_5x5_closed_star,
          nzn_winding_woodlands_5x5_open_star,
          nzn_winding_woodlands_5x15_sidewinder,
          nzn_winding_woodlands_center_lodge, nzn_winding_woodlands_5x15_twine],
          layout_basic, moated_statue, abyss_entry, serial_shops,
          nicolae_diamond_shop, pf_hell_entry_tar_river,
          nrook_kobold_shadow_demons, uniq_jory
Depths:4: grunt_twist_and_shout, layout_gridlike, hell_entry,
          hellmonk_scale_shop
Zot:1:    layout_cathedral_of_symmetry, uniq_josephina, uniq_parghit
Zot:2:    layout_gridlike, nicolae_lava_and_water
Zot:3:    layout_onion_interference, grunt_ministairs_1
Zot:4:    layout_twisted_circle, st_stairs_8
Zot:5:    layout_cellular_growth, grunt_megastairs_4
Zig:20

Skill      XL: |  1  2  3  4  5  6  7  8  9 10 11 12 13 14 15 16 17 18 19 20 21 22 23 24 25 26 27 |
---------------+----------------------------------------------------------------------------------+-----
Spellcasting   | 2 3 4 6 7 9 10 12 13 14 15 16 17 18 19 20 21 22 23 24 27 | 27.0
Conjurations   | 4 5 6 7 8 10 12 13 | 13.3
Dodging        | 3 6 9 11 | 11.0
Fighting       | 2 6 8 10 11 12 14 16 17 18 20 | 20.6
Earth Magic    | 9 13 15 16 17 19 20 21 23 24 25 27 | 27.0
Shields        | 5 6 9 12 14 16 | 16.0
Armour         | 4 9 12 22 | 22.2
Stealth        | |  1.7

Action                     |  1- 3 |  4- 6 |  7- 9 | 10-12 | 13-15 | 16-18 | 19-21 | 22-24 | 25-27 || total
---------------------------+-------+-------+-------+-------+-------+-------+-------+-------+-------++-------
  Melee: Unarmed           |       |    11 |       |       |       |       |       |       |       ||    11
         Scimitar          |       |       |       |    18 |       |       |       |       |       ||    18
         Quarterstaff      |       |       |       |    16 |   164 |       |       |       |       ||   180
         Staff             |       |       |       |       |       |    66 |    99 |     4 |    19 ||   188
         Punch             |       |       |       |       |       |     1 |       |       |       ||     1
   Cast: Magic Dart        |    98 |    86 |   149 |   336 |   442 |       |       |       |       ||  1111
         Searing Ray       |       |    24 |    47 |    85 |    82 |     1 |    46 |       |     1 ||   286
         Iskenderun's Myst |       |       |    21 |   160 |   443 |    55 |   158 |    21 |    48 ||   906
         Freezing Cloud    |       |       |       |       |    81 |    26 |    20 |     2 |       ||   129
         Iron Shot         |       |       |       |       |    25 |   435 |   481 |   369 |   419 ||  1729
         Lee's Rapid Decon |       |       |       |       |       |     5 |    67 |    11 |     2 ||    85
         Orb of Destructio |       |       |       |       |       |       |       |    55 |    29 ||    84
         Shatter           |       |       |       |       |       |       |       |   137 |   367 ||   504
  Evoke: Wand              |       |       |     1 |     3 |    17 |     8 |     5 |       |    12 ||    46
         Figurine of a zig |       |       |       |       |       |       |       |       |     1 ||     1
    Use: Potion            |       |       |     2 |       |       |     2 |    12 |     1 |    23 ||    40
         Scroll            |       |       |     3 |    15 |    18 |     3 |    12 |     2 |    21 ||    74
 Armour: Robe              |     1 |    24 |    33 |   119 |   284 |   155 |   173 |    31 |       ||   820
         Skin              |       |       |       |       |     1 |       |       |       |       ||     1
         Scale mail        |       |       |       |       |       |       |       |    12 |    68 ||    80
         Gold dragon scale |       |       |       |       |       |       |       |       |   194 ||   194
  Dodge: Dodged            |     9 |    42 |    46 |   171 |   400 |   190 |   204 |    70 |   136 ||  1268
  Block: Kite shield       |       |       |       |       |       |    85 |   211 |    93 |   198 ||   587
         Reflection        |       |       |       |       |       |    17 |    33 |    13 |     7 ||    70
